 Dungeon Crawl Stone Soup version 0.16.1-11-g651b585 (webtiles) character file.

141 karlm the Magician (level 5, -4/42 HPs)
             Began as a Naga Wizard on Apr 7, 2015.
             Killed from afar by an orc wizard (10 damage)
             ... with a puff of flame
             ... on level 3 of the Dungeon.
             The game lasted 00:11:16 (2803 turns).

karlm the Magician (Naga Wizard)                    Turns: 2803, Time: 00:11:16

Health: -4/42      AC:  3    Str:  9    XL:     5   Next: 24%
Magic:  2/13       EV:  9    Int: 20    God:
Gold:   154        SH:  0    Dex:  9    Spells: 5 memorised, 1 level left

rFire  . . .     SeeInvis +     q - +0 hand axe (curse)
rCold  . . .     Clarity  .     a - +0 robe
rNeg   . . .     SustAb   .     (no shield)
rPois  +         Gourm    .     n - +0 helmet
rElec  .         Spirit   .     (no cloak)
rCorr  .         Warding  .     (no gloves)
rMut   .         Stasis   .     (no barding)
MR     .....                    (no amulet)
Stlth  ++........               (no ring)
                                j - ring of wizardry (curse)

@: short of breath, very slow, not resistant to hostile enchantments, unstealthy
A: spit poison, see invisible, deformed body, poison resistance, slowness 2, AC
+1
a: Spit Poison


You were on level 3 of the Dungeon.
You were hungry.

You visited 1 branch of the dungeon, and saw 3 of its levels.

You collected 154 gold pieces.

Inventory:

Hand weapons
 b - a +4 short sword
 q - a cursed +0 hand axe (weapon)
 y - a +0 blowgun
Missiles
 l - 97 stones (quivered)
 v - 12 poisoned needles
Armour
 a - a +0 robe (worn)
 n - a +0 helmet (worn)
Jewellery
 j - a cursed ring of wizardry (left hand)
 u - an uncursed ring of invisibility {unknown}
Scrolls
 g - a scroll of magic mapping {unknown}
 h - a scroll of random uselessness {unknown}
 i - a scroll of teleportation {unknown}
 r - a scroll of fear {unknown}
 s - a scroll of identify {unknown}
 t - 2 scrolls of blinking {unknown}
 w - a scroll of enchant armour {unknown}
Potions
 e - 2 potions of agility {unknown}
 f - a potion of flight {unknown}
 m - a potion of restore abilities {unknown}
 o - a potion of curing {unknown}
 p - a potion of magic {unknown}
 x - a potion of brilliance {unknown}
Books
 c - a book of Minor Magic

   Spells                             Type                      Level
   a - Magic Dart                     Conjuration                  1
   b - Blink                          Translocation                2
   c - Call Imp                       Summoning                    2
   d - Repel Missiles                 Charms/Air                   2
   e - Slow                           Hexes                        2
   f - Conjure Flame                  Conjuration/Fire             3
   g - Mephitic Cloud                 Conjuration/Poison/Air       3
Comestibles
 d - a bread ration
 k - a slice of pizza
 z - a meat ration
 A - a chunk of flesh
 B - 3 fruits


   Skills:
 - Level 1.5 Dodging
 - Level 3.0 Stealth
 + Level 4.0 Spellcasting
 + Level 3.0 Conjurations
 - Level 1.0 Summonings
 - Level 1.0 Translocations
 * Level 2.2 Fire Magic


You had one spell level left.
You knew the following spells:

 Your Spells              Type           Power        Failure   Level  Hunger
a - Magic Dart            Conj           ###.         1%          1    None
b - Call Imp              Summ           #.......     6%          2    #......
c - Conjure Flame         Conj/Fire      ##......     6%          3    ###....
d - Mephitic Cloud        Conj/Pois/Air  #.......     10%         3    ###....
e - Blink                 Tloc           N/A          6%          2    #......


Dungeon Overview and Level Annotations

Branches:
Dungeon (3/15)

Altars:


Innate Abilities, Weirdness & Mutations

You cannot wear boots.
You can spit poison.
Your serpentine skin is tough (AC +1).
You have supernaturally acute eyesight.
Armour fits poorly on your strangely shaped body.
Your system is resistant to poisons.
You cover ground very slowly.


Message History

Use which ability? (? or * to list)
Press: ? - help, Shift-Dir - straight line, f/p - orc wizard
Aim: an orc wizard, wielding a dagger and wearing a robe (heavily wounded, fast, slightly transparent)
The splash of poison hits the orc wizard.
The orc wizard is poisoned.
The orc wizard is severely wounded.
You feel slightly more hungry. The orc wizard misses you.
Casting: Magic Dart
Confirm with . or Enter, or press ? or * to list all spells.
Aiming: Magic Dart
Press: ? - help, Shift-Dir - straight line, f/p - orc wizard
Aim: an orc wizard, wielding a dagger and wearing a robe (severely wounded, fast, poisoned, slightly transparent)
The magic dart hits the orc wizard.
The orc wizard is severely wounded.
The orc wizard is no longer moving quickly.
The orc wizard gestures wildly while chanting.
The orc wizard seems to speed up.
The orc wizard casts a spell at you. The puff of flame hits you!
You die...

#.# ####......########.##
##.# #.# #..###.# #.# #.# #.#
#....#.# #.# #.# #.####
#.##.#.# ##'## #.. .....#
#.##.#.# ##...## ### #.##.#
#.##.#.# ##.....## #.##.#
#......# ##.......##
#.##.######...####.........##
...........[....@oo........'.
.....######...####.........#
..#### ###..## ##.......##
### #...## ##.....## #...#
##...## ## #...# ##'## #.
##.## #.# #. #.# #.# #.
#.######## ##.## #.


You could see an orc wizard (invisible) and an orc.

Vanquished Creatures
  4 adders
  A giant mite (D:2)
  5 worms
  2 giant geckos
  5 bats
  4 giant cockroaches
  9 goblins
  8 hobgoblins
  9 jackals
  A quokka (D:3)
  4 giant newts
  8 kobolds
  6 rats
66 creatures vanquished.

Vanquished Creatures (collateral kills)
  A bat (D:2)
  A goblin (D:2)
2 creatures vanquished.

Grand Total: 68 creatures vanquished

Notes
Turn   | Place    | Note
--------------------------------------------------------------
     0 | D:1      | karlm, the Naga Wizard, began the quest for the Orb.
     0 | D:1      | Reached XP level 1. HP: 15/15 MP: 4/4
   224 | D:1      | Reached XP level 2. HP: 20/22 MP: 6/6
   228 | D:1      | Learned a level 2 spell: Call Imp
  1100 | D:1      | Reached XP level 3. HP: 28/28 MP: 2/8
  1105 | D:1      | Learned a level 3 spell: Conjure Flame
  1276 | D:2      | Reached skill level 1 in Fire Magic
  1519 | D:2      | Reached XP level 4. HP: 36/36 MP: 7/10
  1525 | D:2      | Learned a level 3 spell: Mephitic Cloud
  2168 | D:3      | Reached XP level 5. HP: 42/42 MP: 10/12
  2172 | D:3      | Learned a level 2 spell: Blink
  2480 | D:3      | Reached skill level 4 in Spellcasting
  2803 | D:3      | Killed from afar by an orc wizard

Action                   |  1- 3 |  4- 6 || total
-------------------------+-------+-------++-------
Melee: Dagger            |     3 |       ||     3
       Hand axe          |     6 |     1 ||     7
 Cast: Magic Dart        |    43 |    75 ||   118
       Call Imp          |     2 |       ||     2
       Conjure Flame     |       |     4 ||     4
 Abil: Spit Poison       |    32 |    29 ||    61
  Eat: Chunk             |     4 |     5 ||     9
